 Dungeon Crawl Stone Soup version 0.26.1-2-gb8aa6d0cf2 (webtiles) character file.

Game seed: 8291674780639428141

711251 Elvor the Slayer (level 27, -9/435 HPs)
             Began as a Deep Dwarf Fighter on Mar 22, 2021.
             Was the Champion of Makhleb.
             Mangled by an Ice Fiend (11 damage)
             ... on level 7 of Cocytus on Mar 25, 2021.
             The game lasted 11:43:53 (56433 turns).

Elvor the Slayer (Deep Dwarf Fighter)              Turns: 56433, Time: 11:43:54

Health: -9/435     AC: 33    Str: 44    XL:     27
Magic:  32/32      EV:  2    Int: 14    God:    Makhleb [******]
Gold:   5846       SH: 37    Dex: 12    Spells: 16/27 levels left

rFire    + . .     SeeInvis +   J - +1 demon trident (vamp)
rCold    + . .     Faith    .   j - +3 tower shield {reflect}
rNeg     + + +     Spirit   .   (armour currently unavailable)
rPois    +         Reflect  +   (helmet currently unavailable)
rElec    .         Harm     .   (cloak currently unavailable)
rCorr    .         Rampage  .   (gloves currently unavailable)
Will     +++++     NoTele   +   (boots currently unavailable)
Stlth    +.........             V - amulet of reflection
HPRegen  0.00/turn              C - ring of Piskida {Will+ Str+10 Int+4 SInv Stlth-}
MPRegen  0.23/turn              m - ring "Buca" {+Fly rF+ rC+ Will+}

@: tree-form, non-regenerating, studying 2 skills
A: damage resistance, heal wounds, blurry vision 1, dopey 1, strong-willed 2,
negative energy resistance 1, sense surroundings 3, strong 2, no regeneration
}: 5/15 runes: decaying, serpentine, slimy, silver, abyssal
a: Heal Wounds, Renounce Religion, Minor Destruction, Lesser Servant of Makhleb,
Major Destruction, Greater Servant of Makhleb


You were on level 7 of Cocytus.
You worshipped Makhleb.
Makhleb was exalted by your worship.
You were a tree.
You visited 13 branches of the dungeon, and saw 61 of its levels.
You visited the Abyss 1 time.
You visited 1 bazaar.
You also visited: Trove, Sewer, Ossuary and Ice Cave.

You collected 10194 gold pieces.
You spent 4348 gold pieces at shops.

Inventory:

Hand Weapons
 J - a +1 vampiric demon trident (weapon)
 U - the +5 war axe of Mibiar {vorpal, Int+5}
   (You took it off a deep elf knight on level 3 of the Elven Halls)

   It inflicts extra damage upon your enemies.
   It affects your intelligence (+5).
Missiles
 i - 14 javelins
 B - 44 boomerangs (quivered)
Armour
 d - a +2 cloak of willpower (melded)
 j - a +3 tower shield of reflection (worn)
 o - the +3 helmet "Livi" (melded) {Int+2 SInv}
   (You found it on level 3 of the Elven Halls)

   It affects your intelligence (+2).
   It lets you see invisible.
 q - a +2 pair of gloves of strength (melded)
 r - a +2 pair of boots of flying
 D - a +2 pair of boots of running
 O - the +6 chain mail "Sasalia" (melded) {rPois rCorr Str+3 SInv}
   (You found it on level 3 of the Elven Halls)

   It affects your strength (+3).
   It protects you from poison.
   It lets you see invisible.
   It provides partial protection from all sources of acid and corrosion.
Jewellery
 m - the ring "Buca" (right branch) {+Fly rF+ rC+ Will+}
   (You acquired it on level 12 of the Dungeon)

   [ring of protection from fire]

   It protects you from fire.
   It protects you from cold.
   It affects your willpower, your defense against some magical effects.
   It lets you fly.
 p - the ring of Qudius {rElec Will+ Slay+5}
   (You found it on level 4 of the Depths)

   [ring of willpower]

   It affects your accuracy and damage with ranged weapons and melee attacks
   (+5).
   It insulates you from electricity.
   It affects your willpower, your defense against some magical effects.
 C - the ring of Piskida (left branch) {Will+ Str+10 Int+4 SInv Stlth-}
   (You bought it in a shop on level 1 of the Depths)

   [ring of see invisible]

   It affects your strength (+10).
   It affects your intelligence (+4).
   It affects your willpower, your defense against some magical effects.
   It lets you see invisible.
   It makes you less stealthy.
 G - the ring "Adwa" {+Blink rF+ Stlth+}
   (You bought it in a shop on level 4 of the Snake Pit)

   [ring of stealth]

   It protects you from fire.
   It lets you blink.
   It makes you more stealthy.
 V - an amulet of reflection (around neck)
Wands
 l - a wand of polymorph (20)
 w - a wand of acid (3)
 z - a wand of digging (9)
 I - a wand of disintegration (32)
 K - a wand of iceblast (61)
 N - a wand of enslavement (20)
 X - a wand of paralysis (52)
Scrolls
 c - 4 scrolls of fear
 s - 12 scrolls of magic mapping
 u - 11 scrolls of immolation
 v - 8 scrolls of fog
 A - 17 scrolls of remove curse
 E - 22 scrolls of teleportation
 M - 3 scrolls of blinking
 R - 6 scrolls of silence
 W - 2 scrolls of summoning
Potions
 a - 6 potions of haste
 e - 5 potions of cancellation
 f - 5 potions of might
 g - 16 potions of curing
 h - 7 potions of lignification
 k - 4 potions of invisibility
 x - 2 potions of ambrosia
 T - a potion of berserk rage
Books
 n - a manual of Evocations
 H - a manual of Polearms
Miscellaneous
 b - a tin of tremorstones (2/2)
 S - a condenser vane
 Z - a lightning rod (4/4)


   Skills:
 * Level 25.0 Fighting
 + Level 25.0(25.3) Axes
 + Level 2.2(16.1) Maces & Flails
 + Level 7.1(16.1) Polearms
 + Level 11.4 Throwing
 * Level 17.1 Armour
 + Level 9.1 Dodging
 - Level 4.0 Stealth
 + Level 24.4 Shields
 + Level 0.9 Spellcasting
 + Level 1.4 Translocations
 * Level 18.0 Invocations
 + Level 6.8 Evocations


You had 16 spell levels left.
You knew the following spells:

 Your Spells              Type           Power        Failure   Level
a - Apportation           Tloc           8%           16%         1
b - Blink                 Tloc           N/A          24%         2
c - Passwall              Tmut/Erth      0%           41%         2
d - Swiftness             Air            0%           41%         2
e - Passage of Golubria   Tloc           N/A          85%         4

Your spell library contained the following spells:

 Spells                   Type           Power        Failure   Level
 Animate Skeleton         Necr           0%           28%         1
 Beastly Appendage        Tmut           0%           28%         1
 Corona                   Hex            0%           28%         1
 Foxfire                  Conj/Fire      0%           28%         1
 Freeze                   Ice            0%           28%         1
 Magic Dart               Conj           0%           28%         1
 Sandblast                Erth           0%           28%         1
 Sting                    Tmut/Pois      0%           28%         1
 Summon Small Mammal      Summ           0%           28%         1
 Call Imp                 Summ           0%           41%         2
 Corpse Rot               Necr/Air       N/A          41%         2
 Ensorcelled Hibernation  Hex/Ice        0%           41%         2
 Poisonous Vapours        Pois/Air       0%           41%         2
 Searing Ray              Conj           0%           41%         2
 Slow                     Hex            0%           41%         2
 Wereblood                Tmut           0%           41%         2
 Gell's Gravitas          Tloc           2%           43%         3
 Lesser Beckoning         Tloc           2%           43%         3
 Teleport Other           Tloc           4%           43%         3
 Portal Projectile        Hex/Tloc       4%           54%         3
 Call Canine Familiar     Summ           0%           65%         3
 Confusing Touch          Hex            0%           65%         3
 Conjure Flame            Conj/Fire      0%           65%         3
 Dazzling Flash           Conj/Hex       0%           65%         3
 Ignite Poison            Fire/Tmut/Pois 0%           65%         3
 Inner Flame              Hex/Fire       0%           65%         3
 Mephitic Cloud           Conj/Pois/Air  0%           65%         3
 Spider Form              Tmut/Pois      0%           65%         3
 Stone Arrow              Conj/Erth      0%           65%         3
 Summon Guardian Golem    Hex/Summ       0%           65%         3
 Tukima's Dance           Hex            0%           65%         3
 Vampiric Draining        Necr           0%           65%         3
 Iskenderun's Mystic Bla  Conj/Tloc      2%           91%         4
 Animate Dead             Necr           0%           96%         4
 Cause Fear               Hex            0%           96%         4
 Fulminant Prism          Conj/Hex       0%           96%         4
 Hailstorm                Conj/Ice       0%           96%         4
 Ice Form                 Ice/Tmut       0%           96%         4
 Leda's Liquefaction      Hex/Erth       0%           96%         4
 Olgreb's Toxic Radiance  Pois           0%           96%         4
 Petrify                  Tmut/Erth      0%           96%         4
 Sticky Flame             Conj/Fire      0%           96%         4
 Summon Ice Beast         Ice/Summ       0%           96%         4
 Summon Lightning Spire   Summ/Air       0%           96%         4
 Summon Forest            Summ/Tloc      1%           99%         5
 Agony                    Necr           0%           100%        5
 Alistair's Intoxication  Tmut/Pois      0%           100%        5
 Blade Hands              Tmut           0%           100%        5
 Bolt of Magma            Conj/Fire/Erth 0%           100%        5
 Borgnjor's Vile Clutch   Necr/Erth      0%           100%        5
 Fireball                 Conj/Fire      0%           100%        5
 Iskenderun's Battlesphe  Conj           0%           100%        5
 Lee's Rapid Deconstruct  Erth           0%           100%        5
 Metabolic Englaciation   Hex/Ice        0%           100%        5
 Silence                  Hex/Air        0%           100%        5
 Yara's Violent Unravell  Hex/Tmut       0%           100%        5
 Death Channel            Necr           0%           100%        6
 Eringya's Noxious Bog    Tmut/Pois      0%           100%        6
 Freezing Cloud           Conj/Ice/Air   0%           100%        6
 Hydra Form               Tmut           0%           100%        6
 Invisibility             Hex            0%           100%        6
 Iron Shot                Conj/Erth      0%           100%        6
 Ozocubu's Refrigeration  Ice            0%           100%        6
 Simulacrum               Ice/Necr       0%           100%        6
 Starburst                Conj/Fire      0%           100%        6
 Haunt                    Necr/Summ      0%           100%        7
 Malign Gateway           Summ/Tloc      1%           100%        7
 Monstrous Menagerie      Summ           0%           100%        7
 Orb of Destruction       Conj           0%           100%        7
 Spellforged Servitor     Conj/Summ      0%           100%        7
 Summon Greater Demon     Summ           0%           100%        7
 Summon Hydra             Summ           0%           100%        7
 Discord                  Hex            0%           100%        8
 Ignition                 Fire           0%           100%        8
 Summon Horrible Things   Summ           0%           100%        8


Dungeon Overview and Level Annotations

Branches:
Dungeon (15/15)            Temple (1/1) D:4            Lair (6/6) D:8
  Swamp (4/4) Lair:3        Snake (4/4) Lair:2        Slime (5/5) Lair:6
    Orc (2/2) D:12            Elf (3/3) Orc:2        Vaults (5/5) D:13
  Crypt (3/3) Vaults:2       Tomb (0/3) Crypt:3      Depths (5/5) D:15
   Hell (visited)             Dis (0/7) Hell            Geh (0/7) Hell
    Coc (7/7) Hell            Tar (0/7) Hell            Zot (0/5) Depths:5
  Sewer (visited)         Ossuary (visited)           IceCv (visited)

Altars:
Ashenzari
Cheibriados
Dithmenos
Elyvilon
Fedhas
Gozag
Hepliaklqana
Kikubaaqudgha
Makhleb
Nemelex Xobeh
Okawaru
Qazlal
Ru
Sif Muna
Trog
Uskayaw
Vehumet
Wu Jian
Xom
Yredelemnul
Zin
The Shining One
Beogh
Jiyva

Shops:
D:9 *   D:13 (   Orc:1 [   Orc:2 ((?(*   Elf:1 !   Elf:2 *   Snake:4 *?
Vaults:1 [   Vaults:2 (   Vaults:3 (   Vaults:4 [   Depths:1 =}=

Portals:
Hell: Depths:1 Depths:2 Depths:3 Depths:4 Depths:5
Abyss: Depths:3 Depths:4
Pandemonium: Depths:2 Depths:3
Ziggurat: Depths:4


Innate Abilities, Weirdness & Mutations

You are resistant to damage.
You can heal yourself by infusing magical energy.
You resist negative energy. (rN+)
You passively map a large area around you.
You do not regenerate.
((You have large cloven feet.))
Scrolls take you a little longer to read.
((Your flesh is cold resistant. (rC+)))
You are dopey. (Int -2)
You are highly strong-willed. (Will++)
((Your system is resistant to poisons. (rPois)))
Your muscles are very strong. (Str +4)


Message History

The Ice Fiend gestures at you. The bolt of cold hits you!! You resist.
* * * LOW HITPOINT WARNING * * *
You block the harpy skeleton's attack. x2; The Ice Fiend claws you.
* * * LOW HITPOINT WARNING * * *
The Ice Fiend freezes you! You resist.
* * * LOW HITPOINT WARNING * * *
You block the Ice Fiend's attack. The Ice Fiend gestures at you.
The bolt of cold hits you! You resist.
You feel better.
You block the harpy skeleton's attack. x2
The Ice Fiend gestures at you. The bolt of cold hits you! You resist.
* * * LOW HITPOINT WARNING * * *
The harpy skeleton claws you!
* * * LOW HITPOINT WARNING * * *
You block the harpy skeleton's attack. The Ice Fiend claws you!
* * * LOW HITPOINT WARNING * * *
The Ice Fiend freezes you! You resist.
You die...

†.##...≈≈≈≈≈≈≈≈≈≈≈≈≈≈≈≈≈≈≈≈≈≈≈≈*
###...≈≈≈≈≈≈≈≈≈≈≈≈≈≈≈≈≈≈≈≈≈≈≈≈≈*
.....≈≈≈≈≈≈≈≈≈≈≈≈≈≈≈≈≈≈≈≈≈≈≈≈≈≈*
...≈≈≈≈≈≈≈≈≈≈≈≈≈≈§≈≈≈≈≈≈≈≈≈≈≈≈≈*
≈≈≈≈≈≈≈≈≈≈≈≈≈≈§§≈§≈≈≈≈≈≈≈≈≈≈≈≈≈*
≈≈≈≈≈≈≈≈≈≈≈≈≈≈≈§≈§≈≈.≈≈≈≈≈≈≈≈≈≈*
≈≈≈≈≈≈≈≈≈≈....§§§§§.....≈≈≈≈≈≈≈*
≈≈≈≈≈≈≈≈≈≈≈≈≈≈§§11.§....,,,≈≈≈≈*
≈≈≈≈≈≈≈≈≈≈≈≈≈≈§§♣1.§....,,,,,≈≈*
≈≈≈≈≈≈≈≈≈≈≈≈≈§§§○Z§.....,,,,,,≈*
≈≈≈≈≈≈≈≈≈≈≈≈≈≈§≈○≈≈.....,,,≈,,≈*
≈≈≈≈≈≈≈≈≈≈≈≈≈≈≈≈○≈≈≈....,,,,≈≈≈*
≈≈≈≈≈≈≈≈≈≈≈≈≈≈≈≈○≈≈.....,,,,,≈≈*
≈≈≈≈≈≈≈≈≈≈≈≈≈≈≈≈≈≈≈.##'#*,,,,,≈*
≈≈≈≈≈≈≈≈≈≈≈≈≈.......#,..*,,,,,≈*
≈≈≈≈≈≈≈≈≈≈.....######*+***,,,,≈*
≈≈≈≈,,,,,,,,,,**,,,,,,,,,**,,≈≈*


You could see 3 Ice Fiends and a harpy skeleton.

Vanquished Creatures
  the Royal Jelly (Slime:5)
  2 ancient liches (Crypt:3)
  A juggernaut (Depths:3)
  Sojobo (Depths:2)
  3 royal mummies (Depths:2)
  5 caustic shrikes (Depths:5)
  8 shard shrikes
  Saint Roka (Depths:2)
  A curse toe (Crypt:3)
  A golden dragon (Vaults:5)
  Nikola (Depths:2)
  Geryon (Hell)
  2 bone dragons (Abyss:3)
  Jorgrun (D:14)
  6 tentacled monstrosities
  A hellephant (Depths:4)
  12 liches
  Rupert (Lair:3)
  2 deep elf master archers (Elf:3)
  6 titans
  5 deep elf blademasters
  2 quicksilver dragons
  6 ancient champions (Crypt:3)
  4 Executioners (Abyss:3)
  Frances (D:13)
  19 acid blobs
  A sphinx (Vaults:4)
  19 tentacled starspawn
  5 shadow dragons
  The ghost of Silenth the Unseen, an adept KoHu of Okawaru (Swamp:4)
  10 tengu reavers
  2 storm dragons (Vaults:5)
  Donald (Orc:2)
  6 thorn hunters
  A draconian monk (Depths:5)
  Kirke (Lair:4)
  4 revenants
  9 nagarajas
  14 vault wardens
  9 fire giants
  A daeva (Abyss:3)
  11 azure jellies
  8 frost giants
  7 deep elf sorcerers
  Aizul (Snake:1)
  Louise (Swamp:3)
  4 orc warlords
  2 cacodemons (Abyss:3)
  9 reapers
  6 deep elf elementalists
  3 curse skulls (Crypt:3)
  2 spriggan defenders
  A draconian stormcaller (Depths:5)
  4 war gargoyles
  11 ironheart preservers
  6 vampire knights
  9 ghouls
  3 green draconians
  16 stone giants
  12 very ugly things
  6 deep elf demonologists
  Nessos (Lair:4)
  The ghost of Cykl0x the Carver, a journeyman MiFi of the Shining One (D:14)
  Azrael (Orc:2)
  A red draconian (Depths:5)
  15 dire elephants
  A lorocyproca (Hell)
  3 entropy weavers
  A purple draconian (Depths:5)
  4 spark wasps (Depths:5)
  4 bunyips
  2 white draconians (Depths:5)
  6 deep elf annihilators
  10 ettins
  6 blizzard demons
  2 eidola
  A merfolk javelineer (Depths:1)
  A mummy priest (Depths:2)
  10 deep elf death magi
  8 death oozes (Slime:5)
  9 jiangshi
  2 merfolk impalers
  42 large abominations
  3 shambling mangroves
  6 fire dragons
  An eleionoma (Swamp:1)
  Erolcha (Orc:1)
  A quicksilver dragon zombie (Coc:3)
  A kraken zombie (Coc:3)
  12 yaktaur captains
  Fannar (Lair:2)
  10 ogre magi
  5 deep elf high priests
  6 rakshasas
  32 vault guards
  14 great orbs of eyes
  Harold (D:9)
  22 naga warriors
  Josephine (Orc:1)
  25 hydras
  2 hell beasts
  7 boulder beetles
  A quicksilver dragon skeleton (Crypt:3)
  2 spriggan air magi (Depths:3)
  7 centaur warriors
  A monstrous demonspawn (Depths:2)
  2 catoblepae
  20 ice dragons
  4 death knights
  11 alligators
  13 anacondas
  26 two-headed ogres
  27 dancing weapons
  Erica (Lair:1)
  4 tengu warriors
  5 vampire magi
  7 deep troll shamans
  3 orc high priests
  Urug (Orc:2)
  3 deep troll earth magi
  7 death yaks
  6 hell hogs (Hell)
  2 spriggan berserkers
  A queen ant (Lair:5)
  19 thrashing horrors (Abyss:3)
  2 iron golems (Hell)
  22 naga sharpshooters
  5 soul eaters (Hell)
  10 shock serpents
  26 deep elf knights
  14 hell knights
  6 shadow wraiths
  51 skeletal warriors
  31 small abominations
  A storm dragon zombie (Crypt:2)
  3 sixfirhies
  A salamander mystic (Snake:3)
  13 wretched stars (Abyss:3)
  2 fire crabs (shapeshifter)
  3 spatial maelstroms (Abyss:3)
  A golden dragon zombie (Coc:1)
  5 sun demons
  3 iron trolls
  9 unseen horrors
  A spark wasp zombie (Crypt:1)
  3 anaconda zombies
  4 bog bodies
  7 spriggan druids
  7 glowing orange brains
  A ghost moth zombie (Hell)
  12 naga ritualists
  A tengu zombie (Vaults:4)
  2 unseen horrors (shapeshifter)
  12 deep elf archers
  6 goliath frogs
  13 deep trolls
  19 ironbrand convokers
  11 swamp dragons
  A glowing orange brain (shapeshifter) (Vaults:1)
  10 flayed ghosts
  7 necromancers
  8 wizards
  A sphinx zombie (Vaults:4)
  4 lindwurms
  12 phantasmal warriors
  5 harpies
  13 orc knights
  10 mana vipers
  2 stone giant zombies
  A wolf spider zombie (Coc:3)
  3 oklob plants
  5 wolf spiders
  A shadow dragon skeleton (Crypt:2)
  8 will-o-the-wisps
  10 cyclopes
  2 manticores (Lair:6)
  8 orc sorcerers
  2 cyclopes (shapeshifter)
  A fire giant zombie (Abyss:3)
  A salamander (shapeshifter) (Depths:3)
  29 ugly things
  3 frost giant zombies
  A human zombie (Vaults:4)
  A moth of wrath (shapeshifter) (Abyss:3)
  9 shining eyes
  A dire elephant zombie (Coc:3)
  63 deep elf magi
  13 salamanders
  An apocalypse crab (Abyss:3)
  7 elephants
  2 frost giant skeletons
  15 vault sentinels
  2 stone giant skeletons
  6 worldbinders (Abyss:3)
  2 guardian serpents (shapeshifter)
  2 ice statues (IceCv)
  Joseph (D:8)
  10 rust devils
  An iron dragon skeleton (Coc:1)
  63 black mambas
  32 naga magi
  A fire giant skeleton (Crypt:3)
  25 smoke demons
  An eye of devastation (Slime:4)
  6 guardian serpents
  5 orange demons (Abyss:3)
  2 torpor snails (Lair:6)
  11 cane toads
  2 gargoyles
  2 dire elephant skeletons
  4 hellions
  3 kobold demonologists
  A redback zombie (D:15)
  A shock serpent skeleton (Crypt:2)
  3 demonic crawlers
  An iron troll zombie (Crypt:3)
  5 efreet
  6 rime drakes
  9 ice devils
  6 komodo dragons
  A tormentor (Depths:2)
  12 ancient zymes (Abyss:3)
  2 yaktaur skeletons
  A tengu conjurer (Depths:4)
  19 freezing wraiths
  44 yaktaurs
  2 hellwings (Abyss:3)
  A catoblepas skeleton (Abyss:3)
  2 harpy zombies (Hell)
  3 red devils (Hell)
  A guardian mummy (D:15)
  A green draconian skeleton (Crypt:1)
  7 hydra zombies
  A jumping spider (Vaults:3)
  A troll (shapeshifter) (Vaults:1)
  A wolf spider simulacrum (D:12)
  3 shadow dragon simulacra
  4 silent spectres (Abyss:3)
  A wind drake (shapeshifter) (Depths:5)
  A queen bee (Abyss:3)
  2 polar bears
  A raiju (shapeshifter) (Vaults:4)
  3 meliai (Abyss:3)
  A meliai (shapeshifter) (D:13)
  A queen bee (shapeshifter) (Vaults:4)
  11 trolls
  2 bloated husks (Swamp:3)
  16 blink frogs
  A fire dragon zombie (Hell)
  11 hornets
  9 tyrant leeches
  Prince Ribbit (D:9)
  102 slime creatures
  5 hydra skeletons
  A guardian serpent zombie (Crypt:2)
  2 human simulacra
  41 raiju (Abyss:3)
  An ice dragon zombie (Abyss:3)
  4 alligator zombies
  An ettin zombie (Depths:1)
  A fire giant simulacrum (Abyss:3)
  2 meliai zombies
  72 starcursed masses (Abyss:3)
  2 air elementals (Elf:3)
  A black mamba zombie (Coc:4)
  4 shadows
  2 redbacks (shapeshifter)
  A redback (Vaults:3)
  9 spriggans
  8 flying skulls
  10 ynoxinuls
  A wyvern (shapeshifter) (Vaults:4)
  2 wyverns
  2 vampires (Abyss:3)
  20 wraiths
  2 alligator skeletons
  A human (shapeshifter) (Depths:1)
  13 fire elementals
  3 fire bats
  48 yaks
  20 water elementals
  5 golden eyes
  An ice dragon skeleton (Coc:7)
  6 hogs (Lair:4)
  11 neqoxecs
  A basilisk (Lair:6)
  4 chaos spawn
  7 vampire mosquitoes
  Edmund (D:5)
  6 wargs
  A warg (shapeshifter) (D:14)
  69 nagas
  24 soldier ants (Lair:5)
  2 spatial vortices (Abyss:3)
  6 hell hounds
  3 cane toad zombies
  An acid dragon (Vaults:1)
  A floating eye (Slime:5)
  12 swamp worms
  14 water moccasins
  Duvessa (D:5)
  A merfolk skeleton (Crypt:2)
  3 deep troll skeletons
  2 cane toad skeletons
  40 orc warriors
  7 swamp drakes
  20 ice beasts
  5 sky beasts
  A snapping turtle zombie (Coc:3)
  4 black bears
  A dream sheep zombie (Crypt:2)
  A phantom (D:12)
  6 necrophages
  19 wolves
  8 eyes of draining
  A lindwurm zombie (Crypt:3)
  23 ogres
  A manticore zombie (Coc:2)
  12 boggarts
  19 centaurs
  A blink frog skeleton (Crypt:2)
  6 big kobolds
  A big kobold (shapeshifter) (Depths:4)
  A fire crab zombie (Crypt:2)
  An elf zombie (Hell)
  11 bullfrogs
  3 human skeletons
  A gnoll sergeant (D:13)
  An elf skeleton (Abyss:3)
  3 earth elementals
  A wyvern zombie (D:10)
  2 deep troll simulacra
  Dowan (D:5)
  A polar bear zombie (Crypt:1)
  5 scorpions
  2 elf simulacra (Vaults:4)
  A troll skeleton (Crypt:2)
  2 electric eels
  20 wights
  A howler monkey (D:4)
  A basilisk zombie (Crypt:1)
  A centaur zombie (D:11)
  7 lava snakes
  7 crimson imps
  7 hounds
  3 quasits
  3 iron imps
  5 centaur skeletons
  2 jellies
  21 orc priests
  A demonspawn skeleton (Crypt:2)
  2 bullfrog skeletons (D:9)
  7 iguanas
  A basilisk skeleton (Crypt:2)
  32 orc wizards
  27 worker ants
  25 hell rats
  A naga zombie (Crypt:3)
  A big kobold zombie (Crypt:1)
  2 hound skeletons
  8 mummies (Ossuary)
  A howler monkey zombie (D:6)
  6 gnolls
  10 adders
  20 river rats
  A scorpion zombie (Crypt:1)
  2 swamp drake skeletons
  A shadow imp (D:5)
  13 white imps
  12 ufetubi
  2 oozes
  An adder zombie (D:7)
  2 adder skeletons
  An iguana skeleton (Crypt:3)
  2 worms
  2 dart slugs
  5 leopard geckos
  126 orcs
  3 ball pythons
  A bat (D:1)
  5 giant cockroaches
  9 goblins
  6 hobgoblins
  8 jackals
  5 quokkas
  3 frilled lizards
  A gnoll zombie (Ossuary)
  2 hobgoblin zombies (Ossuary)
  A jackal skeleton (Crypt:1)
  22 kobolds
  2 leopard gecko skeletons (D:7)
  5 orc zombies (Ossuary)
  A quokka zombie (D:5)
  22 rats
  A bush (Abyss:3)
  3 crawling corpses (Elf:3)
  3 lurking horrors (Abyss:3)
  A plant (Depths:3)
  14 starspawn tentacles (Abyss:3)
  A tentacle (Coc:3)
2988 creatures vanquished.

Vanquished Creatures (collateral kills)
  An ancient lich (Vaults:5)
  A titan (Vaults:5)
  A reaper (Hell)
  A yaktaur captain (Vaults:5)
  A thrashing horror (Abyss:3)
  A deep elf mage (Elf:2)
  A vault sentinel (Vaults:5)
  A meliai (Abyss:3)
  A raiju (Abyss:2)
  A yak (Lair:6)
  A soldier ant (Lair:5)
11 creatures vanquished.

Vanquished Creatures (others)
  An ancient lich (Vaults:5)
  Vashnia (Snake:4)
  A fire giant (Vaults:5)
  A cacodemon (Abyss:3)
  A stone giant (Depths:2)
  A mummy priest (Depths:2)
  An ice dragon (Coc:7)
  An alligator (Swamp:4)
  2 naga sharpshooters (Snake:4)
  A deep elf knight (Elf:3)
  A skeletal warrior (Coc:7)
  An iron troll (Depths:2)
  A spriggan druid (Swamp:4)
  A deep troll (Depths:2)
  An unseen horror (Abyss:3)
  A naga ritualist (Snake:4)
  A kobold demonologist (D:14)
  A centaur skeleton (D:13)
  A meliai (Abyss:3)
  2 bloated husks (Swamp:4)
  A slime creature (Depths:2)
  A spriggan (Swamp:4)
  An air elemental (Abyss:3)
  A naga (Snake:1)
  3 orc warriors (Depths:2)
  A swamp drake (Swamp:4)
  2 boggarts
  2 crimson imps (Hell)
  A hell rat (Hell)
  A naga simulacrum (Abyss:3)
  2 orcs (Depths:2)
  A briar patch (Swamp:3)
  8 demonic plants (Abyss:3)
  44 foxfires
  112 fungi
  109 plants
  27 starspawn tentacles
  3 tentacles (Coc:3)
342 creatures vanquished.

Grand Total: 3341 creatures vanquished

Notes
Turn   | Place    | Note
-------+----------+-------------------------------------------
     0 | D:1      | Elvor the Deep Dwarf Fighter began the quest for the Orb.
     0 | D:1      | Reached XP level 1. HP: 20/20 MP: 1/1
   262 | D:1      | Reached XP level 2. HP: 27/27 MP: 2/2
   729 | D:2      | Reached XP level 3. HP: 28/33 MP: 3/3
  1193 | D:3      | Reached XP level 4. HP: 34/42 MP: 4/4
  1566 | D:3      | Reached XP level 5. HP: 19/49 MP: 5/5
  1870 | D:4      | Reached XP level 6. HP: 40/56 MP: 6/6
  1874 | D:4      | Reached skill level 5 in Axes
  1874 | D:4      | Reached skill level 1 in Stealth
  1975 | D:4      | Found a sand-covered staircase.
  2021 | Ossuary  | Entered an ossuary
  2306 | D:4      | Reached skill level 5 in Shields
  2539 | D:4      | Reached XP level 7. HP: 39/63 MP: 7/7
  2587 | D:4      | Found a staircase to the Ecumenical Temple.
  2603 | Temple   | Entered the Ecumenical Temple
  2907 | D:5      | Entered Level 5 of the Dungeon
  2957 | D:5      | Noticed Edmund
  2964 | D:5      | Killed Edmund
  2965 | D:5      | Reached skill level 1 in Dodging
  3389 | D:5      | Noticed Duvessa
  3389 | D:5      | Noticed Dowan
  3399 | D:5      | Killed Duvessa
  3400 | D:5      | Killed Dowan
  3401 | D:5      | Reached XP level 8. HP: 38/73 MP: 7/7
  3549 | D:5      | Found a burning altar of Makhleb.
  3549 | D:5      | Found an opulent altar of Gozag.
  3551 | D:5      | Reached skill level 1 in Throwing
  3553 | D:5      | Became a worshipper of Makhleb the Destroyer
  3954 | D:6      | Found a glowing drain.
  3984 | Sewer    | Entered a sewer
  4087 | Sewer    | Found a glowing silver altar of Zin.
  4265 | D:6      | Reached * piety under Makhleb
  4306 | D:6      | Reached skill level 5 in Fighting
  4629 | D:6      | Gained mutation: You passively map the area around you.
                  | [Deep Dwarf growth]
  4629 | D:6      | Reached XP level 9. HP: 50/81 MP: 7/7
  4849 | D:7      | Reached ** piety under Makhleb
  4874 | D:7      | Got a polished dagger
  5360 | D:8      | Noticed a two-headed ogre
  5369 | D:8      | Killed a two-headed ogre
  5370 | D:8      | Reached skill level 10 in Axes
  5370 | D:8      | Reached skill level 5 in Armour
  5482 | D:8      | Noticed Joseph
  5505 | D:8      | Killed Joseph
  5506 | D:8      | Reached skill level 1 in Evocations
  5542 | D:8      | Found a staircase to the Lair.
  5665 | D:8      | Reached XP level 10. HP: 26/91 MP: 8/8
  5815 | D:8      | Reached *** piety under Makhleb
  6121 | D:9      | Got a warped whip
  6337 | D:9      | Found Onnaavas's General Store.
  6345 | D:9      | Bought a scroll of silence for 97 gold pieces
  6345 | D:9      | Bought a scroll of blinking for 97 gold pieces
  6345 | D:9      | Bought a scroll of summoning for 123 gold pieces
  6687 | D:9      | Noticed Harold
  6687 | D:9      | Noticed Prince Ribbit
  6694 | D:9      | Killed Prince Ribbit
  6703 | D:9      | Killed Harold
  7051 | D:10     | Entered Level 10 of the Dungeon
  7276 | D:10     | Found an ornate altar of the Wu Jian Council.
  7285 | D:10     | Noticed an oklob plant
  7583 | D:10     | Killed an oklob plant
  7584 | D:10     | Reached XP level 11. HP: 69/100 MP: 9/9
  7944 | D:11     | Noticed a boulder beetle
  7967 | D:11     | Killed a boulder beetle
  7967 | D:11     | Reached **** piety under Makhleb
  8350 | D:11     | Learned a level 1 spell: Apportation
  8504 | D:12     | Found a roughly hewn altar of Beogh.
  8504 | D:12     | Found a staircase to the Orcish Mines.
  8606 | D:12     | Killed an unseen horror
  8608 | D:12     | Noticed a death knight
  8624 | D:12     | Killed a death knight
  8625 | D:12     | Paralysed by a hornet for 3 turns
  8658 | D:12     | Reached ***** piety under Makhleb
  9128 | D:12     | Identified the cursed +0 whip of Truth {speed, rN++ Stlth-}
                  | (You found it on level 9 of the Dungeon)
  9130 | D:12     | Identified the +9 dagger of Guile {protect, *Noise +Inv rC-
                  | Str+9} (You found it on level 7 of the Dungeon)
  9250 | Lair:1   | Entered Level 1 of the Lair of Beasts
  9411 | Lair:1   | Identified a scroll of acquirement
  9723 | Lair:1   | Noticed Erica
  9735 | Lair:1   | Killed Erica
  9970 | Lair:2   | Reached XP level 12. HP: 114/114 MP: 10/10
 10097 | Lair:2   | Found a staircase to the Snake Pit.
 10546 | Lair:2   | Noticed a seven-headed hydra
 10559 | Lair:2   | Killed an eight-headed hydra
 10627 | Lair:2   | Learned a level 2 spell: Blink
 10761 | Lair:3   | Reached skill level 10 in Shields
 10769 | Lair:3   | Reached skill level 10 in Fighting
 10788 | Lair:3   | Noticed a five-headed hydra
 10799 | Lair:3   | Killed a five-headed hydra
 10879 | Lair:3   | Noticed Fannar
 10912 | Lair:2   | Killed Fannar
 11001 | Lair:3   | Noticed Rupert
 11033 | Lair:3   | Killed Rupert
 11088 | Lair:3   | Found a staircase to the Swamp.
 11098 | Lair:3   | Reached XP level 13. HP: 98/124 MP: 11/11
 11218 | Lair:3   | Reached skill level 15 in Axes
 11404 | Lair:4   | Noticed Nessos
 12000 | Lair:4   | Reached ****** piety under Makhleb
 12015 | Lair:4   | Noticed Kirke
 12037 | Lair:4   | Reached skill level 1 in Invocations
 12043 | Lair:4   | Killed Kirke
 12332 | Lair:4   | Got a smouldering spear
 12338 | Lair:3   | Identified the +3 spear of Chance {vorpal, rC- Str+5 Int+6}
                  | (You found it on level 4 of the Lair of Beasts)
 12870 | Lair:4   | Killed Nessos
 12988 | Lair:5   | Reached skill level 5 in Throwing
 13014 | Lair:5   | Noticed an entropy weaver
 13014 | Lair:5   | Noticed an entropy weaver
 13036 | Lair:5   | Gained mutation: You resist negative energy. (rN+) [Deep
                  | Dwarf growth]
 13036 | Lair:5   | Reached XP level 14. HP: 135/135 MP: 13/13
 13761 | Lair:6   | Entered Level 6 of the Lair of Beasts
 13887 | Lair:6   | Found a viscous altar of Jiyva.
 13887 | Lair:6   | Found a staircase to the Slime Pits.
 14469 | Lair:6   | Reached skill level 5 in Dodging
 14897 | Orc:1    | Entered Level 1 of the Orcish Mines
 14942 | Orc:2    | Entered Level 2 of the Orcish Mines
 14942 | Orc:2    | Noticed Urug
 14951 | Orc:2    | Killed Urug
 15047 | Orc:2    | Noticed an orc warlord
 15083 | Orc:2    | Killed an orc warlord
 15126 | Orc:2    | Found a staircase to the Elven Halls.
 15372 | Orc:2    | Found Optif's Weapon Shoppe.
 15440 | Orc:2    | Noticed Azrael
 15455 | Orc:2    | Killed Azrael
 15465 | Orc:2    | Noticed an orc warlord
 15469 | Orc:2    | Noticed Donald
 15478 | Orc:2    | Killed an orc warlord
 15488 | Orc:2    | Killed Donald
 15554 | Orc:1    | Found a frozen archway.
 15582 | IceCv    | Entered an ice cave
 15801 | IceCv    | Reached XP level 15. HP: 146/146 MP: 12/12
 16332 | Orc:1    | Noticed Erolcha
 16341 | Orc:1    | Killed Erolcha
 16362 | Orc:1    | Noticed Josephine
 16383 | Orc:1    | Killed Josephine
 16399 | Orc:1    | Found Cuziax's Armour Boutique.
 16630 | Orc:2    | Found Rawib's Antique Weapon Emporium.
 16630 | Orc:2    | Found Rigin's Antique Weapon Shoppe.
 16634 | Orc:2    | Found Jaum's Assorted Antiques.
 16636 | Orc:2    | Found Olihiwk's Magic Scroll Emporium.
 16681 | Orc:2    | Bought a scroll of fog for 26 gold pieces
 16681 | Orc:2    | Bought a scroll of teleportation for 39 gold pieces
 16681 | Orc:2    | Bought a scroll of enchant armour for 97 gold pieces
 16681 | Orc:2    | Bought a scroll of identify for 26 gold pieces
 16681 | Orc:2    | Bought a scroll of holy word for 97 gold pieces
 16681 | Orc:2    | Bought a scroll of identify for 26 gold pieces
 16684 | Orc:2    | Bought an amethyst potion for 24 gold pieces
 16684 | Orc:2    | Bought a scroll of teleportation for 81 gold pieces
 16684 | Orc:2    | Bought a scroll of identify for 54 gold pieces
 16785 | Orc:1    | Bought the +2 hat of the Bear Spirit {Spirit, +Rage rN+
                  | Will++} for 703 gold pieces
 16785 | Orc:1    | Found the +2 hat of the Bear Spirit {Spirit, +Rage rN+
                  | Will++}
 17064 | D:13     | Got a pitted chain mail
 17073 | D:13     | Found Wautt's Weapon Emporium.
 17095 | D:13     | Noticed Frances
 17115 | D:13     | Killed Frances
 17167 | D:13     | Reached skill level 1 in Polearms
 17265 | D:13     | Found a gate to the Vaults.
 17825 | D:14     | Identified the cursed +1 chain mail "Wyfuoj" {Harm rElec
                  | rC++ Int+4 Stlth+} (You found it on level 13 of the
                  | Dungeon)
 17998 | D:14     | Noticed Jorgrun
 18011 | D:14     | Killed Jorgrun
 18433 | D:14     | Found a runed translucent door.
 18436 | D:14     | Noticed Cykl0x's ghost (journeyman MiFi)
 18529 | D:14     | Killed Cykl0x's ghost
 18556 | D:15     | Entered Level 15 of the Dungeon
 18612 | D:15     | Found a flickering gateway to a bazaar.
 18623 | Bazaar   | Entered a bazaar
 18626 | Bazaar   | Found Maetock's Weapon Shop.
 18654 | Bazaar   | Found Unumoar's Book Boutique.
 18654 | Bazaar   | Found Baelefusch's Book Shop.
 18687 | Bazaar   | Found Batiyvo's Weapon Shop.
 18821 | D:15     | Found a portal to a secret trove of treasure.
 18985 | D:15     | Found a staircase to the Depths.
 18996 | D:15     | Reached skill level 10 in Armour
 19105 | D:15     | Found a blossoming altar of Fedhas.
 19236 | D:15     | Reached XP level 16. HP: 158/158 MP: 13/13
 19810 | Swamp:1  | Entered Level 1 of the Swamp
 20672 | Swamp:2  | Got a distressingly furry robe
 20678 | Swamp:2  | Identified the cursed +0 robe of Noughts and Crosses {rElec
                  | rN+++ Int-5 Stlth+} (You found it on level 2 of the Swamp)
 20919 | Swamp:3  | Noticed Louise
 21110 | Swamp:3  | Killed Louise
 21113 | Swamp:3  | Noticed a thorn hunter
 21141 | Swamp:3  | Killed a thorn hunter
 21220 | Swamp:3  | Noticed a thorn hunter
 21280 | Swamp:2  | Killed a thorn hunter
 21352 | Swamp:3  | Noticed a thorn hunter
 21379 | Swamp:3  | Killed a thorn hunter
 21423 | Swamp:3  | Noticed a thorn hunter
 21442 | Swamp:3  | Killed a thorn hunter
 21864 | Swamp:3  | Got a bloodstained hunting sling
 22309 | Swamp:4  | Entered Level 4 of the Swamp
 22314 | Swamp:4  | Reached XP level 17. HP: 168/168 MP: 14/14
 22477 | Swamp:4  | Reached skill level 15 in Fighting
 22510 | Swamp:4  | Noticed Silenth's ghost (adept KoHu)
 22786 | Swamp:4  | Reached skill level 5 in Polearms
 22942 | Swamp:4  | Got a decaying rune of Zot
 23043 | Swamp:4  | Found a transporter.
 23046 | Swamp:4  | Found a transporter.
 23253 | Swamp:4  | Killed Silenth's ghost
 23487 | D:12     | Identified the cursed +0 hunting sling "Goblinbane"
                  | {freeze, Will+ Int+3} (You found it on level 3 of the
                  | Swamp)
 23511 | D:12     | Acquired a +2 helmet of see invisible
 23513 | D:12     | Acquired the ring "Buca" {+Fly rF+ rC+ Will+}
 23711 | Snake:1  | Entered Level 1 of the Snake Pit
 23768 | Snake:1  | Noticed Aizul
 24211 | Snake:1  | Killed Aizul
 24284 | Snake:1  | Got a sapphire-encrusted ring mail
 24539 | Snake:1  | Identified the +5 ring mail "Pora" {+Blink} (You found it
                  | on level 1 of the Snake Pit)
 24562 | Snake:1  | Found a burning altar of Makhleb.
 25076 | Snake:2  | Got a warped bardiche
 25111 | Snake:2  | Identified the cursed +3 bardiche of Elvor's Doom {vorpal,
                  | Str+8} (You found it on level 2 of the Snake Pit)
 25346 | Snake:3  | Gained mutation: You passively map a large area around you.
                  | [Deep Dwarf growth]
 25346 | Snake:3  | Reached XP level 18. HP: 181/181 MP: 15/15
 25512 | Snake:3  | Got a jewelled spear
 25763 | Snake:3  | Identified the cursed +0 spear "Embalmer" {vorpal, rN++
                  | Int+4} (You found it on level 3 of the Snake Pit)
 25846 | Snake:3  | Reached skill level 15 in Shields
 26661 | Snake:4  | Entered Level 4 of the Snake Pit
 26764 | Snake:4  | Noticed Vashnia
 26810 | Snake:4  | Killed Vashnia
 26880 | Snake:4  | Found Recsirel's Magic Scroll Shop.
 26887 | Snake:4  | Found Ehuehuum's General Store.
 26907 | Snake:4  | Bought a scroll of identify for 32 gold pieces
 26907 | Snake:4  | Bought a scroll of identify for 32 gold pieces
 26907 | Snake:4  | Bought a scroll of teleportation for 48 gold pieces
 26907 | Snake:4  | Bought a scroll of identify for 32 gold pieces
 27517 | Snake:4  | Reached XP level 19. HP: 190/193 MP: 16/16
 27843 | Snake:4  | Got a serpentine rune of Zot
 27998 | Snake:4  | Bought the ring "Adwa" {+Blink rF+ Stlth+} for 462 gold
                  | pieces
 28294 | Vaults:1 | Entered Level 1 of the Vaults
 28757 | Vaults:1 | Found Ilahiw's Armour Boutique.
 28774 | Vaults:1 | Bought a +2 pair of gloves of strength for 344 gold pieces
 29666 | Vaults:2 | Found Laer's Weapon Shop.
 29735 | Vaults:2 | Found a hazy altar of Hepliaklqana.
 29804 | Vaults:2 | Found a staircase to the Crypt.
 30864 | Vaults:2 | Reached XP level 20. HP: 146/205 MP: 17/17
 31193 | Vaults:3 | Found Zuriekou's Antique Weapon Shop.
 31411 | Vaults:3 | Reached skill level 5 in Evocations
 32905 | Vaults:4 | Found Teuk's Antique Armour Shoppe.
 32921 | Vaults:4 | Bought a runed cloak for 262 gold pieces
 33113 | Vaults:4 | Reached XP level 21. HP: 217/217 MP: 18/18
 33259 | Vaults:5 | Entered Level 5 of the Vaults
 33676 | Elf:1    | Entered Level 1 of the Elven Halls
 34440 | Elf:1    | Found Sujih's Distillery.
 34573 | Elf:1    | Bought a potion of might for 80 gold pieces
 34573 | Elf:1    | Bought a potion of curing for 60 gold pieces
 34573 | Elf:1    | Bought a potion of berserk rage for 100 gold pieces
 34837 | Elf:2    | Found Ymeir's General Store.
 34877 | Elf:2    | Bought a scroll of enchant weapon for 105 gold pieces
 34877 | Elf:2    | Bought a scroll of enchant weapon for 105 gold pieces
 34877 | Elf:2    | Bought a potion of haste for 140 gold pieces
 35032 | Elf:2    | Found a runed translucent gate.
 35033 | Elf:2    | Found a runed translucent gate.
 35157 | Elf:2    | Found a runed translucent gate.
 35540 | Elf:3    | Entered Level 3 of the Elven Halls
 36002 | Elf:3    | Reached XP level 22. HP: 227/230 MP: 20/20
 36118 | Elf:3    | Identified the +5 war axe of Mibiar {vorpal, Int+5}
 36257 | Elf:3    | Identified the +4 hand crossbow of Yredelemnul's Approval
                  | {freeze, rC+ rN+ Dex+2 SInv} (You found it on level 3 of
                  | the Elven Halls)
 36273 | Elf:3    | Identified the +6 chain mail "Sasalia" {rPois rCorr Str+3
                  | SInv} (You found it on level 3 of the Elven Halls)
 36340 | Elf:3    | Identified the +3 long sword of Impatience {antimagic,
                  | Str+4 Dex-3} (You found it on level 3 of the Elven Halls)
 36363 | Elf:3    | Got a spiked plate armour
 36820 | D:12     | Identified the cursed +0 plate armour of Futuristic Freedom
                  | {rPois} (You found it on level 3 of the Elven Halls)
 37143 | Elf:3    | Got a brightly glowing whip
 37179 | Elf:3    | Got an encrusted helmet
 37230 | Elf:3    | Identified the +5 whip "Ankad" {elec, rElec} (You found it
                  | on level 3 of the Elven Halls)
 37261 | Elf:3    | Identified the +3 helmet "Livi" {Int+2 SInv} (You found it
                  | on level 3 of the Elven Halls)
 37639 | Depths:1 | Entered Level 1 of the Depths
 37802 | Depths:1 | Found Gutyno Mupt's Jewellery Emporium.
 37803 | Depths:1 | Found Yptoggur's Gadget Boutique.
 37804 | Depths:1 | Found Cathres's Jewellery Emporium.
 37869 | Depths:1 | Learned a level 2 spell: Passwall
 37872 | Depths:1 | Learned a level 2 spell: Swiftness
 37877 | Depths:1 | Learned a level 4 spell: Passage of Golubria
 38288 | Depths:1 | Found a gateway to Hell.
 38520 | Depths:1 | Bought the ring of Piskida {Will+ Str+10 Int+4 SInv Stlth-}
                  | for 1056 gold pieces
 38565 | Depths:2 | Noticed Saint Roka
 38568 | Depths:2 | Noticed Sojobo
 38587 | Depths:2 | Noticed Nikola
 38588 | Depths:2 | Reached skill level 1 in Translocations
 38589 | Depths:2 | Killed Saint Roka
 38616 | Depths:2 | Killed Sojobo
 38624 | Depths:2 | Killed Nikola
 38651 | Depths:2 | Noticed a royal mummy
 38663 | Depths:2 | Noticed a royal mummy
 38714 | Depths:2 | Reached skill level 5 in Invocations
 38877 | Depths:2 | Killed a royal mummy
 39159 | Depths:2 | Noticed a royal mummy
 39160 | Depths:2 | Found the +7 sceptre of Torment {pain, torment}
 39180 | Depths:2 | Killed a royal mummy
 39322 | Depths:2 | Found a one-way gate leading to the halls of Pandemonium.
 39550 | Depths:3 | Noticed a juggernaut
 39704 | Depths:3 | Identified the cursed +3 halberd of the Unkillable {flame,
                  | Will+ Str+3 SInv}
 39704 | Depths:3 | Identified the ring of Dikhint {rPois Str+3 SInv Stlth+}
 39706 | Depths:3 | Identified the +9 spear of Ycal {vorpal, rN++}
 39763 | Depths:3 | Found a runed translucent gate.
 39763 | Depths:3 | Found a runed translucent gate.
 39763 | Depths:3 | Found a runed translucent gate.
 39844 | Depths:3 | Found a shimmering altar of Xom.
 40137 | Depths:3 | Found a one-way gate to the infinite horrors of the Abyss.
 40371 | Depths:3 | Reached XP level 23. HP: 239/240 MP: 24/24
 40377 | Depths:3 | Killed a juggernaut
 40390 | Depths:3 | Found a runed translucent gate.
 40390 | Depths:3 | Found a runed translucent gate.
 40390 | Depths:3 | Found a runed translucent gate.
 41081 | Depths:4 | Got a steaming steel ring
 41091 | Depths:4 | Identified the ring of Qudius {rElec Will+ Slay+5} (You
                  | found it on level 4 of the Depths)
 41373 | Depths:4 | Found a gateway to a ziggurat.
 41760 | Depths:5 | Entered Level 5 of the Depths
 41978 | Depths:5 | Found a gate to the Realm of Zot.
 42390 | Depths:5 | Noticed a caustic shrike
 42390 | Depths:5 | Noticed a caustic shrike
 42390 | Depths:5 | Noticed a caustic shrike
 42390 | Depths:5 | Noticed a caustic shrike
 42392 | Depths:5 | Noticed a caustic shrike
 42398 | Depths:5 | Killed a caustic shrike
 42398 | Depths:5 | Killed a caustic shrike
 42399 | Depths:5 | Reached skill level 10 in Invocations
 42414 | Depths:5 | Killed a caustic shrike
 42417 | Depths:5 | Killed a caustic shrike
 42422 | Depths:5 | Killed a caustic shrike
 42652 | Depths:5 | Reached XP level 24. HP: 252/252 MP: 26/26
 42962 | Depths:2 | Killed a royal mummy
 43308 | Depths:3 | Got a faintly humming troll leather armour
 43551 | D:12     | Identified the +1 troll leather armour of Mieseunn {Rampage
                  | rN++ Regen+ Int-4 Stlth+} (You found it on level 3 of the
                  | Depths)
 43827 | Vaults:5 | Noticed an ancient lich
 43899 | Vaults:5 | Killed an ancient lich
 44033 | Vaults:5 | Got a silver rune of Zot
 44383 | Vaults:5 | Reached skill level 10 in Throwing
 44384 | Vaults:5 | Noticed an ancient lich
 44396 | Vaults:5 | Killed an ancient lich
 44684 | Vaults:5 | Identified a +2 pair of boots of running (You found it on
                  | level 5 of the Vaults)
 44693 | Vaults:5 | Identified the Guide on the Cankerous Glacier
 44820 | Vaults:5 | Identified the amulet of Ischimixt {RegenMP rPois rN+
                  | Int-2}
 45021 | Vaults:5 | Identified the +5 ring mail "Peeruz" {rElec Str+4 Slay-5}
                  | (You found it on level 5 of the Vaults)
 45230 | Vaults:5 | Identified the cursed +1 morningstar of Flawed Execution
                  | {protect, rPois Str-4 Int+7} (You found it on level 5 of
                  | the Vaults)
 45761 | Depths:3 | Voluntarily entered the Abyss.
 45819 | Abyss:2  | Found a corrupted altar of Lugonu.
 45838 | Abyss:2  | Found a viscous altar of Jiyva.
 45838 | Abyss:2  | Found a corrupted altar of Lugonu.
 45964 | Abyss:2  | Gained mutation: You are weak. (Str -2) [a neqoxec]
 45979 | Abyss:2  | Found a corrupted altar of Lugonu.
 46340 | Abyss:3  | Reached XP level 25. HP: 201/262 MP: 19/28
 46399 | Abyss:3  | Got an abyssal rune of Zot
 46473 | Abyss:3  | Gained mutation: You sometimes yell uncontrollably at your
                  | foes. [a neqoxec]
 46704 | Abyss:3  | Got an ancient scale mail
 46854 | Abyss:3  | Found a corrupted altar of Lugonu.
 47187 | Abyss:3  | Paralysed by accursed screaming for 1 turns
 47254 | Abyss:3  | Paralysed by you for 6 turns
 47457 | Abyss:3  | Found a viscous altar of Jiyva.
 48074 | Abyss:3  | Gained mutation: Your magical capacity is low. (-10% MP) [a
                  | cacodemon]
 48103 | Abyss:3  | Paralysed by accursed screaming for 2 turns
 48135 | Abyss:3  | Found a hazy altar of Hepliaklqana.
 48148 | Abyss:3  | Found a corrupted altar of Lugonu.
 48283 | Abyss:3  | Found an ornate altar of the Wu Jian Council.
 48355 | Abyss:3  | Gained mutation: You are very weak. (Str -4) [a cacodemon]
 48789 | Abyss:3  | Found a sacrificial altar of Ru.
 49013 | Abyss:3  | Reached skill level 15 in Armour
 49173 | Abyss:3  | Reached XP level 26. HP: 274/274 MP: 26/26
 49652 | Abyss:3  | Reached skill level 15 in Invocations
 49929 | Depths:3 | Escaped the Abyss
 50109 | D:12     | Identified the +3 scale mail of Mavopt {rN++} (You found it
                  | on level 3 of the Abyss)
 50132 | D:12     | Lost mutation: Your magical capacity is low. (-10% MP)
                  | [potion of mutation]
 50132 | D:12     | Lost mutation: You occasionally shout uncontrollably at
                  | your foes. [potion of mutation]
 50132 | D:12     | Lost mutation: You are very weak. (Str -4) [potion of
                  | mutation]
 50132 | D:12     | Gained mutation: Your system is resistant to poisons.
                  | (rPois) [potion of mutation]
 50132 | D:12     | Gained mutation: You have large cloven feet. [potion of
                  | mutation]
 50133 | D:12     | Lost mutation: You are weak. (Str -2) [potion of mutation]
 50133 | D:12     | Gained mutation: You are strong-willed. (Will+) [potion of
                  | mutation]
 50133 | D:12     | Gained mutation: Your flesh is cold resistant. (rC+)
                  | [potion of mutation]
 50353 | Slime:1  | Entered Level 1 of the Pits of Slime
 50381 | Slime:1  | Reached skill level 1 in Maces & Flails
 50442 | Slime:2  | Gained mutation: Your spells are a little easier to cast,
                  | but a little less powerful. [a shining eye]
 50445 | Slime:2  | Gained mutation: You are highly strong-willed. (Will++) [a
                  | shining eye]
 50520 | Slime:3  | Gained mutation: You have a pair of small horns on your
                  | head. [a shining eye]
 50719 | Slime:5  | Entered Level 5 of the Pits of Slime
 50858 | Slime:5  | Gained mutation: You are dopey. (Int -2) [a shining eye]
 50868 | Slime:5  | Gained mutation: Scrolls take you a little longer to read.
                  | [a shining eye]
 50912 | Slime:5  | Gained mutation: Armour fits poorly on your strangely
                  | shaped body. [a shining eye]
 51054 | Slime:5  | Noticed the Royal Jelly
 51055 | Slime:5  | Found a viscous altar of Jiyva.
 51078 | Slime:5  | Killed the Royal Jelly
 51124 | Slime:5  | Got a fine morningstar
 51165 | Slime:5  | Got a slimy rune of Zot
 51166 | Slime:5  | Identified Xourch's Catalogue of Malediction
 51196 | Slime:5  | Identified the Handbook of the Ensnaring Mountains
 51198 | Slime:5  | Identified the Reference Book on the Mountains
 51217 | Slime:5  | Identified the +5 morningstar "Baoxa" {elec, SInv} (You
                  | found it on level 5 of the Pits of Slime)
 51250 | Slime:5  | Identified the cursed +0 quarterstaff "Spiderbane" {speed,
                  | rElec} (You found it on level 5 of the Pits of Slime)
 51283 | Slime:5  | Identified the +1 scale mail of Hide-and-Seek {rF+ Dex+4
                  | Slay+3} (You found it on level 5 of the Pits of Slime)
 51640 | D:12     | Lost mutation: Your spells are a little easier to cast, but
                  | a little less powerful. [potion of mutation]
 51640 | D:12     | Lost mutation: Armour fits poorly on your strangely shaped
                  | body. [potion of mutation]
 51640 | D:12     | Gained mutation: Your muscles are strong. (Str +2) [potion
                  | of mutation]
 51640 | D:12     | Lost mutation: You have a pair of small horns on your head.
                  | [potion of mutation]
 51640 | D:12     | Gained mutation: Your muscles are very strong. (Str +4)
                  | [potion of mutation]
 51791 | Crypt:1  | Entered Level 1 of the Crypt
 52827 | Crypt:2  | Reached XP level 27. HP: 285/285 MP: 31/31
 53230 | Crypt:2  | Identified Sif Muna's Compendium of Snow and Flames
 53399 | Crypt:3  | Entered Level 3 of the Crypt
 53809 | Crypt:3  | Found a staircase to the Tomb.
 53898 | Crypt:3  | Got a translucent chain mail
 54232 | Crypt:3  | Noticed an ancient lich
 54251 | Crypt:3  | Killed an ancient lich
 54255 | Crypt:3  | Noticed an ancient lich
 54268 | Crypt:3  | Killed an ancient lich
 54278 | Crypt:3  | Identified the Papyrus of Evil Arts
 54287 | Crypt:3  | Got a crude hunting sling
 54294 | Crypt:3  | Identified the +5 hunting sling of the Thing {vorpal,
                  | *Contam rElec SInv} (You found it on level 3 of the Crypt)
 54307 | Crypt:3  | Identified the +7 chain mail of Zoatocs {rN+ Will+} (You
                  | found it on level 3 of the Crypt)
 54652 | Hell     | Entered the Vestibule of Hell
 54688 | Hell     | Noticed Geryon
 54779 | Hell     | Killed Geryon
 54796 | Hell     | Found a gateway to the ashen valley of Gehenna.
 55028 | Hell     | Found a gateway to the decaying netherworld of Tartarus.
 55180 | Hell     | Found a gateway to the freezing wastes of Cocytus.
 55323 | Hell     | Found a gateway to the Iron City of Dis.
 55632 | D:15     | You paid a toll of a +6 demon blade to enter a treasure
                  | trove
 55633 | Trove    | Entered a treasure trove
 55917 | Coc:1    | Entered Level 1 of Cocytus
 55974 | Coc:2    | You fall into a shaft and drop 1 floor!
 56299 | Coc:7    | Entered Level 7 of Cocytus
 56432 | Coc:7    | HP: 19/435 [Ice Fiend/bolt of cold (26)]
 56432 | Coc:7    | HP: 5/435 [Ice Fiend (9)]
 56433 | Coc:7    | HP: 2/435 [Ice Fiend (5)]
 56433 | Coc:7    | Mangled by an Ice Fiend

Illustrated notes

Levels and vault maps discovered:
D:1:      elethiomel_arrival_shortcut, layout_basic, grunt_decor_cap
D:2:      layout_basic
D:3:      layout_basic
D:4:      cheibrodos_helix_gallery, layout_loops_ring,
          minmay_temple_entry_gardened_gates, nicolae_ossuary_entry_monument
D:5:      layout_basic, gammafunk_temple_overflow_elements, uniq_duvessa,
          uniq_edmund
D:6:      layout_basic, portal_sewer_entry_e, serial_rivers,
          chequers_serial_rivers_small_3, chequers_serial_rivers_room_b,
          chequers_serial_rivers_micro_e, chequers_serial_rivers_room_a,
          chequers_serial_rivers_marsh
D:7:      layout_basic, minmay_door_square
D:8:      layout_basic, erik_lair_orcish_takeover, special_room
          [special_room_orc], uniq_joseph
D:9:      layout_basic, serial_shops, shop, uniq_harold, uniq_prince_ribbit1
D:10:     layout_loops_ring, eino_tiny_chamber, nicolae_lava_and_water,
          lemuel_oklob_altar
D:11:     layout_cave_pods, kennysheep_another_room
D:12:     layout_rooms, david_orc_5
D:13:     layout_basic, lightli_vaults_fourway_checkpoint, serial_shops,
          nicolae_shop_waterfront, gauntlet_entry_generic, kennysheep_doodads,
          uniq_frances
D:14:     layout_basic, hellmonk_ghost_happy_afterlife, minmay_misc_feat_plants,
          uniq_jorgrun
D:15:     grunt_enter_depths_magical_seal, layout_loops_ring, basic_altar,
          nicolae_trove_entry_path_of_doom, serial_shops, bzr_entry_lakeside
Temple:   regret_index_temple_chain_breaker
Lair:1:   layout_roguey, infiniplex_staircase_pool_2, uniq_erica
Lair:2:   layout_loops_ring, minmay_snake_entry_guardpost_medium, serial_rivers,
          chequers_serial_rivers_micro_a, chequers_serial_rivers_small_a,
          chequers_serial_rivers_large_a, chequers_serial_rivers_micro_b,
          chequers_serial_rivers_micro_c, kennysheep_rathole, grunt_megastairs_5
Lair:3:   layout_big_grid, skrybe_swamp_entry_bodies, patterned_corridor,
          grunt_megastairs_2, uniq_rupert, uniq_fannar
Lair:4:   layout_loops_ring, kennysheep_abandoned_house, lemuel_fruit_fields,
          uniq_nessos, uniq_kirke
Lair:5:   layout_roguey, eino_small_chamber_without_monster, minivault_29
Lair:6:   hangedman_lair_in_review, layout_regular_city,
          dpeg_slime_entry_enclosed_altar
Swamp:1:  layout_basic_swamp, evilmike_swamp_ruin_rubble_2
Swamp:2:  layout_falls_marsh, nicolae_swamp_treefoil
Swamp:3:  nicolae_swamp_phyte_club, layout_basic_swamp, serial_swamp_ruin,
          hangedman_swamp_ruin_hall, evilmike_swamp_ruin_rubble_1, swamp_pool1,
          hangedman_swamp_double_dragon, uniq_louise
Swamp:4:  swamp_alternative, layout_basic_swamp, gammafunk_ghost_arena
Snake:1:  layout_cave_shapes, basic_altar, uniq_aizul
Snake:2:  layout_grid_shapes
Snake:3:  layout_gridlike, nicolae_snake_lava_pool, grunt_megastairs_4
Snake:4:  snake_pit, layout_gridlike, grunt_ministairs_8,
          hangedman_corner_corridor, minmay_shoptagon, serial_bayou_shore_b,
          uniq_vashnia
Slime:1:  layout_caves
Slime:2:  layout_caves
Slime:3:  layout_caves
Slime:4:  nicolae_slime_pool, layout_caves
Slime:5
Orc:1:    layout_diamond_mine, serial_shops, shop,
          portal_ice_cave_demonic_guard, uniq_josephine, uniq_erolcha
Orc:2:    st_orc_mages, layout_diamond_mine, serial_shops, shop, uniq_urug,
          uniq_donald, uniq_azrael
Elf:1:    eino_elf_arrival_customs, layout_loops_cross, serial_shops,
          nicolae_shop_stone, serial_sigils_hangedman_carve,
          minmay_strange_pillars
Elf:2:    layout_gridlike, serial_shops, shop
Elf:3:    minmay_elf_hall, layout_loops_ring
Vaults:1: ontoclasm_vaults_loading_screen, nicolae_vaults_twisting_passages,
          v_misc_10, nicolae_vaults_diagonal_hallway_8, kb_rosetta, v_pattern_2,
          v_alt_pattern_6, v_misc_25, v_alt_pattern_2, vaults_mumra_chevron,
          nicolae_vaults_little_squares_6, layout_vaults_big_cross,
          serial_shops, shop
Vaults:2: ontoclasm_vaults_loading_screen,
          nicolae_vaults_windows_and_doors_thing, vaults_dpeg_diagonal,
          ontoclasm_vaults_misaligned, vaults_room_pools, hangedman_vaults_maws,
          nicolae_vaults_mini_display_case, layout_vaults_quadrants,
          basic_altar, serial_shops, shop
Vaults:3: v_misc_9, vaults_dpeg_encased_lava, nicolae_vaults_network_s,
          v_pattern_5, ontoclasm_vaults_ring_square,
          nicolae_vaults_angled_halls, nicolae_vaults_sealed_display,
          vaults_standard_mumra_lines, vaults_room_pool, layout_vaults_big_room,
          serial_shops, nicolae_shop_statue_plus
Vaults:4: vaults_room_stairs_pillars, dpeg_vaults_monster_box,
          vaults_room_stairs_pillars, grunt_vaults_focal,
          vaults_room_large_hall, v_rooms_1, nicolae_vaults_theta, v_misc_29,
          ontoclasm_vaults_shuriken, ontoclasm_vaults_ring_large, v_misc_33,
          vaults_dpeg_hooks, vaults_mumra_bighexcomb, v_misc_9,
          vaults_room_hallway, grunt_vaults_hallway_short,
          layout_vaults_maze_snakey, serial_shops, shop
Vaults:5
Crypt:1:  layout_basic
Crypt:2:  layout_basic
Crypt:3:  david_glass_crypt, layout_misc_corridors, grunt_ministairs_15,
          nicolae_crypt_little_mausoleum
Depths:1: layout_basic, grunt_mini_vestibule, serial_bayou_lake_a,
          minmay_shop_grove
Depths:2: minmay_guarded_unrand_sceptre_of_torment, layout_cave_shapes,
          rand_demon_pan_entry_7, pf_hell_entry_great_geh,
          roderic_serpentine_path, infiniplex_staircase_star, uniq_sojobo,
          uniq_nikola, uniq_saint_roka
Depths:3: kennysheep_treasure_stockpile, layout_gridlike, pan_entry,
          abyss_entry, hell_entry, nicolae_sextant, xom_teletrap_fun
Depths:4: mu_elephants_graveyard, layout_basic, enter_ziggurat_e, abyss_entry,
          serial_glass, glass_columns_b, glass_columns_a, feat_on_display,
          minmay_strange_pillars, minmay_strange_pillars, due_unseen_surprise,
          grunt_decor_clamped, grunt_hell_entry_dis_old, drop_trap,
          minmay_orc_keep
Depths:5: grunt_zot_entry_hairpin, layout_gridlike, pf_coc_iceberg,
          columned_hall_lemuel
Hell
Coc:1:    layout_cocytus_delve
Coc:2:    layout_ice_bergs
Coc:3:    layout_ice_bergs
Coc:4:    layout_cocytus_water_paths
Coc:5:    layout_cocytus_water_paths
Coc:6:    layout_ice_bergs
Coc:7:    coc_dpeg

Skill      XL: |  1  2  3  4  5  6  7  8  9 10 11 12 13 14 15 16 17 18 19 20 21 22 23 24 25 26 27 |
---------------+----------------------------------------------------------------------------------+-----
Axes           | 3 4 5 7 9 10 12 13 14 15 17 18 19 20 21 22 23 24 25 | 25.0
Fighting       | 3 4 5 6 7 9 10 11 12 13 14 15 17 18 19 20 21 22 23 24 25 | 25.0
Armour         | 4 5 6 7 8 9 10 11 12 13 14 15 17 | 17.1
Shields        | 4 5 6 7 8 9 10 11 12 13 14 16 17 18 19 20 21 22 23 24 | 24.4
Stealth        | 1 2 3 4 |  4.0
Dodging        | 1 2 3 4 5 6 7 8 9 |  9.1
Throwing       | 1 2 3 4 5 6 7 8 9 10 11 | 11.4
Evocations     | 1 2 3 4 5 6 |  6.8
Invocations    | 2 7 10 12 14 16 18 | 18.0
Polearms       | 1 4 5 6 7 |  7.1
Translocations | 1 |  1.4
Maces & Flails | 2 |  2.2
Spellcasting   | |  0.9

Action                   |  1- 3 |  4- 6 |  7- 9 | 10-12 | 13-15 | 16-18 | 19-21 | 22-24 | 25-27 || total
-------------------------+-------+-------+-------+-------+-------+-------+-------+-------+-------++-------
Melee: War axe           |    76 |   156 |   301 |   456 |       |       |       |  1246 |  2487 ||  4722
       Broad axe         |       |       |       |   255 |  1230 |  1556 |  1737 |    69 |       ||  4847
       Spear             |       |       |       |       |    11 |       |       |       |       ||    11
       Demon trident     |       |       |       |       |    12 |   253 |       |    98 |     3 ||   366
       Headbutt          |       |       |       |       |       |       |       |       |    50 ||    50
       Eveningstar       |       |       |       |       |       |       |       |       |    29 ||    29
       Kick              |       |       |       |       |       |       |       |       |   100 ||   100
Throw: Stone             |     3 |     4 |       |       |       |       |       |       |       ||     7
       Boomerang         |       |     9 |    14 |    30 |    73 |   126 |    85 |   238 |   277 ||   852
       Dart              |       |       |    16 |    38 |    92 |     7 |       |       |       ||   153
 Cast: Blink             |       |       |       |       |       |       |       |     6 |     1 ||     7
Invok: Minor Destruction |       |       |       |     2 |     4 |     1 |       |       |       ||     7
       Lesser Servant of |       |       |       |     1 |     5 |     3 |     2 |     3 |       ||    14
       Major Destruction |       |       |       |       |     2 |       |       |       |       ||     2
       Greater Servant o |       |       |       |       |       |       |       |     4 |       ||     4
 Abil: Evoke Flight      |     1 |       |       |       |       |       |       |     1 |     5 ||     7
       Stop Flying       |     1 |       |       |       |       |       |       |       |       ||     1
       Heal Wounds       |       |     2 |     4 |     6 |     4 |     1 |       |       |       ||    17
Evoke: Wand              |       |       |     9 |    23 |    27 |       |     4 |     2 |     3 ||    68
       Lightning rod     |       |       |       |     4 |    17 |       |     8 |    10 |     1 ||    40
       Tin of tremorston |       |       |       |     2 |     6 |     7 |     7 |     8 |     3 ||    33
       Condenser vane    |       |       |       |       |       |       |     2 |     3 |     2 ||     7
       Horn of Geryon    |       |       |       |       |       |       |       |       |     1 ||     1
  Use: Scroll            |       |    10 |     5 |    14 |    10 |    17 |     3 |    16 |    12 ||    87
       Potion            |       |       |     1 |     3 |     9 |    16 |     1 |    10 |    10 ||    50
 Stab: Sleeping          |       |     1 |     2 |       |     1 |       |       |       |       ||     4
       Distracted        |       |       |       |     1 |     1 |     4 |       |     3 |     1 ||    10
       Petrified         |       |       |       |       |     4 |       |       |       |       ||     4
       Paralysed         |       |       |       |       |     3 |       |       |       |     1 ||     4
       Confused          |       |       |       |       |       |     1 |       |       |       ||     1
Armor: Scale mail        |    43 |     4 |       |       |       |       |       |       |       ||    47
       Leather armour    |       |    27 |    30 |       |       |       |       |       |       ||    57
       Chain mail        |       |       |    26 |   170 |   206 |       |       |   398 |   511 ||  1311
       Plate armour      |       |       |    38 |     8 |       |       |       |       |       ||    46
       Quicksilver drago |       |       |       |       |   100 |       |       |       |       ||   100
       Crystal plate arm |       |       |       |       |   170 |   981 |   612 |    19 |       ||  1782
       Swamp dragon scal |       |       |       |       |       |    40 |       |       |       ||    40
       Skin              |       |       |       |       |       |       |       |    30 |     1 ||    31
Dodge: Dodged            |    26 |    40 |    97 |   259 |   492 |   758 |   271 |   302 |   355 ||  2600
Block: Kite shield       |    37 |    81 |   144 |   449 |   821 |  1757 |  1368 |  1154 |       ||  5811
       Reflection        |       |       |       |       |     8 |   163 |   195 |    59 |    51 ||   476
       Tower shield      |       |       |       |       |       |       |       |    86 |  2799 ||  2885
